12 | 0:00 | Drone | |
13 | 0:12 | Overlord | |
13 | 0:17 | Drone | |
14 | 0:30 | Drone x2 | |
14 | 0:34 | Drone | |
17 | 0:48 | Drone, Spawning Pool | |
17 | 1:12 | Hatchery | |
17 | 1:14 | Drone | |
17 | 1:16 | Extractor | |
16 | 1:19 | Drone | |
16 | 1:23 | Extractor | |
16 | 1:25 | Drone | |
17 | 1:29 | Drone | |
18 | 1:38 | Drone | |
19 | 1:48 | Overlord | |
19 | 1:56 | Queen | |
21 | 2:02 | Zergling x2 | |
22 | 2:10 | Drone | |
23 | 2:23 | Queen | |
23 | 2:29 | Drone | |
26 | 2:35 | Drone | |
27 | 2:39 | Drone | |
27 | 2:43 | Drone | |
29 | 2:57 | Roach Warren | |
28 | 2:59 | Drone | |
28 | 3:02 | Drone | |
28 | 3:05 | Zergling x2 | |
31 | 3:07 | Zergling x2 | |
32 | 3:14 | Overlord | |
32 | 3:16 | Drone | |
33 | 3:20 | Drone | |
34 | 3:36 | Roach | |
34 | 3:38 | Roach | |
34 | 3:40 | Roach x2 | |
42 | 3:43 | Lair | |
42 | 3:48 | Overlord | |
42 | 3:53 | Overlord | |
42 | 3:57 | Zergling x2 | |
42 | 3:59 | Zergling x2 | |
44 | 4:06 | Drone x2, Zergling x2 | |
44 | 4:09 | Drone | |
48 | 4:12 | Drone | |
48 | 4:14 | Drone | |
50 | 4:18 | Roach | |
50 | 4:22 | Roach | |
54 | 4:26 | Overlord | |
54 | 4:33 | Drone | |
54 | 4:35 | Drone | |
54 | 4:38 | Drone | |
57 | 4:40 | Drone | |
57 | 4:43 | Drone, Infestation Pit | |
58 | 4:45 | Overlord | |
58 | 4:50 | Overlord | |
58 | 4:53 | Roach | |
58 | 4:56 | Roach | |
62 | 5:05 | Hydralisk Den | |
61 | 5:09 | Drone | |
61 | 5:11 | Drone | |
61 | 5:13 | Drone | |
63 | 5:15 | Drone | |
63 | 5:16 | Drone | |
63 | 5:19 | Drone | |
63 | 5:20 | Drone | |
63 | 5:21 | Infestor | |
67 | 5:22 | Drone | |
67 | 5:25 | Drone | |
67 | 5:26 | Drone | |
67 | 5:27 | Drone | |
73 | 5:31 | Overlord | |
73 | 5:33 | Drone | |
74 | 5:37 | Hydralisk, Roach | |
74 | 5:38 | Hydralisk | |
74 | 5:41 | Roach | |
82 | 5:49 | Overlord, Infestor | |
84 | 5:58 | Baneling Nest | |
84 | 5:59 | Drone | |
84 | 6:01 | Evolution Chamber | |
84 | 6:02 | Drone | |
84 | 6:05 | Hatchery | |
83 | 6:14 | Drone | |
83 | 6:16 | Ravager | |
83 | 6:17 | Evolution Chamber, Ravager | |
85 | 6:19 | Drone | |
85 | 6:21 | Roach | |
85 | 6:23 | Roach | |
90 | 6:26 | Overlord | |
90 | 6:28 | Hydralisk, Zerg Ground Armor Level 1 | |
92 | 6:36 | Extractor | |
92 | 6:37 | Hydralisk | |
92 | 6:39 | Drone, Extractor | |
93 | 6:42 | Baneling | |
93 | 6:43 | Zerg Missile Weapons Level 1, Baneling | |
93 | 6:47 | Baneling | |
93 | 6:52 | Baneling | |
93 | 6:56 | Baneling | |
93 | 6:59 | Drone x2 | |
93 | 7:00 | Drone, Spine Crawler, Baneling | |
93 | 7:01 | Overlord, Drone x3 | |
97 | 7:04 | Baneling | |
97 | 7:06 | Zergling x2, Baneling | |
99 | 7:18 | Drone x2 | |
99 | 7:19 | Drone x5 | |
99 | 7:20 | Drone x3, Overlord | |
99 | 7:22 | Overseer | |
109 | 7:25 | Drone, Extractor | |
109 | 7:27 | Drone | |
110 | 7:30 | Drone, Centrifical Hooks | |
110 | 7:36 | Drone, Overseer | |
112 | 7:38 | Drone | |
112 | 7:41 | Drone | |
114 | 7:44 | Drone | |
114 | 7:45 | Overlord, Drone | |
114 | 7:48 | Roach | |
114 | 7:49 | Drone x2, Infestor | |
114 | 7:50 | Drone | |
123 | 7:53 | Drone | |
124 | 7:58 | Drone | |
124 | 8:00 | Drone | |
124 | 8:03 | Infestor | |
124 | 8:05 | Extractor | |
127 | 8:09 | Overlord | |
127 | 8:10 | Hatchery, Drone | |
127 | 8:13 | Pathogen Glands | |
127 | 8:14 | Drone | |
127 | 8:16 | Roach x2 | |
132 | 8:28 | Overlord, Drone | |
133 | 8:35 | Spine Crawler | |
133 | 8:36 | Drone | |
133 | 8:37 | Zerg Missile Weapons Level 2 | |
133 | 8:41 | Queen | |
135 | 8:52 | Zerg Ground Armor Level 2 | |
133 | 9:05 | Queen | |
133 | 9:07 | Overlord, Zergling x4 | |
136 | 9:12 | Zergling x2 | |
136 | 9:14 | Spore Crawler | |
136 | 9:15 | Neural Parasite | |
134 | 9:17 | Spore Crawler, Drone | |
134 | 9:19 | Drone, Spine Crawler | |
134 | 9:21 | Hydralisk | |
134 | 9:23 | Drone | |
134 | 9:24 | Hydralisk | |
137 | 9:25 | Baneling x4 | |
137 | 9:29 | Baneling, Zergling x2 | |
137 | 9:31 | Zergling x8 | |
141 | 9:32 | Overlord, Zergling x10 | |
141 | 9:34 | Extractor | |
141 | 9:35 | Drone, Roach | |
141 | 9:36 | Spine Crawler | |
141 | 9:37 | Hatchery, Spine Crawler | |
120 | 9:40 | Spore Crawler, Spine Crawler | |
120 | 9:41 | Roach | |
120 | 9:42 | Spine Crawler, Roach | |
120 | 9:44 | Evolution Chamber, Roach | |
101 | 9:46 | Roach, Extractor | |
101 | 9:48 | Roach | |
101 | 9:49 | Drone, Baneling | |
101 | 9:50 | Drone, Baneling x2 | |
101 | 9:51 | Drone | |
101 | 9:52 | Drone | |
108 | 9:54 | Drone | |
108 | 9:55 | Drone | |
108 | 9:56 | Drone | |
108 | 9:57 | Drone | |
108 | 9:59 | Infestor | |
114 | 10:01 | Roach | |
114 | 10:03 | Roach | |
114 | 10:05 | Ravager, Roach | |
123 | 10:07 | Roach | |
123 | 10:09 | Zerg Melee Weapons Level 1 | |
123 | 10:11 | Infestor, Roach | |
127 | 10:15 | Baneling, Zergling x2 | |
127 | 10:16 | Zergling x2, Baneling x2 | |
127 | 10:17 | Zergling x2 | |
127 | 10:18 | Baneling | |
127 | 10:19 | Baneling | |
127 | 10:20 | Zergling x2 | |
127 | 10:21 | Baneling x2 | |
131 | 10:22 | Zergling x2 | |
131 | 10:23 | Baneling | |
131 | 10:24 | Baneling | |
131 | 10:25 | Baneling, Zergling x2 | |
131 | 10:26 | Baneling | |
131 | 10:27 | Baneling, Zergling x2 | |
134 | 10:30 | Ravager | |
134 | 10:31 | Roach | |
134 | 10:34 | Hydralisk | |
139 | 10:36 | Hydralisk | |
139 | 10:37 | Metabolic Boost | |
139 | 10:38 | Infestor | |
139 | 10:40 | Infestor | |
147 | 10:43 | Roach | |
147 | 10:44 | Roach | |
147 | 10:46 | Overlord | |
147 | 10:48 | Roach | |
151 | 11:04 | Spore Crawler, Drone | |
150 | 11:07 | Spore Crawler, Queen | |
150 | 11:08 | Drone | |
153 | 11:29 | Spore Crawler | |
153 | 11:31 | Drone | |
153 | 11:33 | Spine Crawler | |
153 | 11:34 | Drone, Spine Crawler | |
153 | 11:35 | Drone | |
153 | 11:37 | Spine Crawler | |
153 | 11:38 | Drone | |
153 | 11:45 | Hive | |
153 | 11:57 | Hydralisk | |
153 | 11:59 | Hydralisk | |
157 | 12:04 | Zerg Melee Weapons Level 2, Extractor | |
157 | 12:05 | Drone | |
157 | 12:07 | Extractor | |
157 | 12:08 | Drone, Ravager, Roach | |
158 | 12:12 | Spore Crawler, Overlord | |
158 | 12:13 | Drone | |
158 | 12:14 | Spire | |
158 | 12:15 | Drone | |
160 | 12:16 | Spore Crawler | |
160 | 12:17 | Drone | |
160 | 12:18 | Spore Crawler | |
160 | 12:19 | Drone | |
160 | 12:22 | Spine Crawler | |
160 | 12:24 | Drone | |
160 | 12:30 | Overseer | |
160 | 12:39 | Zergling x4 | |
160 | 12:40 | Zergling x6 | |
160 | 12:41 | Baneling, Zergling x2 | |
160 | 12:42 | Hatchery, Drone, Overseer, Zergling x2 | |
146 | 12:44 | Hydralisk, Zergling x2 | |
146 | 12:46 | Zergling x2 | |
146 | 12:47 | Roach | |
146 | 12:50 | Hydralisk, Roach, Zergling x2 | |
146 | 12:51 | Roach x2 | |
137 | 12:52 | Roach x2 | |
137 | 12:54 | Roach | |
137 | 12:56 | Viper, Zergling x2, Baneling | |
137 | 12:57 | Zerg Missile Weapons Level 3, Baneling | |
137 | 12:58 | Zergling x2, Baneling x2 | |
143 | 12:59 | Zergling x2, Baneling | |
143 | 13:02 | Zergling x2, Baneling x2 | |
143 | 13:04 | Baneling | |
145 | 13:12 | Hydralisk | |
137 | 13:13 | Hydralisk | |
137 | 13:15 | Baneling | |
137 | 13:16 | Baneling, Zergling x2 | |
137 | 13:19 | Zergling x2, Baneling | |
143 | 13:20 | Baneling | |
143 | 13:22 | Zergling x2 | |
143 | 13:23 | Zergling x2 | |
143 | 13:24 | Zergling x4 | |
143 | 13:25 | Zergling x2 | |
143 | 13:26 | Hydralisk | |
139 | 13:27 | Roach | |
139 | 13:28 | Mutalisk | |
139 | 13:29 | Mutalisk, Zergling x2 | |
139 | 13:30 | Mutalisk x2, Hydralisk, Roach | |
139 | 13:31 | Mutalisk | |
139 | 13:33 | Roach | |
137 | 13:35 | Roach | |
137 | 13:37 | Roach, Baneling | |
137 | 13:38 | Roach, Baneling | |
137 | 13:40 | Roach | |
137 | 13:41 | Baneling x2 | |
137 | 13:42 | Hydralisk | |
137 | 13:44 | Ravager, Zergling x2 | |
137 | 13:45 | Zergling x2 | |
137 | 13:47 | Roach | |
137 | 13:48 | Zergling x2 | |
145 | 13:49 | Baneling, Zergling x2 | |
145 | 13:51 | Zergling x2 | |
145 | 13:52 | Baneling x2 | |
145 | 13:53 | Ravager, Zergling x2 | |
145 | 13:55 | Roach | |
151 | 13:56 | Baneling x2 | |
151 | 13:57 | Zergling x2 | |
151 | 13:58 | Baneling | |
151 | 14:00 | Roach | |
151 | 14:02 | Mutalisk | |
156 | 14:22 | Zerg Melee Weapons Level 3 | |
156 | 14:34 | Spine Crawler | |
156 | 14:35 | Drone | |
156 | 14:37 | Spine Crawler | |
156 | 14:38 | Drone | |
156 | 14:49 | Zerg Ground Armor Level 3 | |
156 | 14:58 | Drone | |
156 | 14:59 | Zergling x8 | |
155 | 15:00 | Zergling x2 | |
155 | 15:02 | Zergling x4 | |
155 | 15:03 | Zergling x2 | |
155 | 15:04 | Mutalisk x2, Hydralisk, Zergling x2 | |
155 | 15:05 | Mutalisk x2, Queen | |
152 | 15:07 | Mutalisk, Hydralisk | |
152 | 15:11 | Mutalisk | |
152 | 15:14 | Baneling x2 | |
156 | 15:16 | Spore Crawler | |
156 | 15:17 | Drone | |
156 | 15:18 | Spore Crawler, Zergling x2, Baneling | |
156 | 15:19 | Drone, Baneling | |
156 | 15:20 | Zergling x2, Baneling x2 | |
156 | 15:21 | Overlord, Zergling x2, Baneling | |
159 | 15:22 | Baneling | |
159 | 15:24 | Infestor | |
159 | 15:25 | Overseer x2 | |
159 | 15:26 | Pneumatized Carapace | |
161 | 15:31 | Infestor | |
161 | 15:33 | Viper | |
166 | 15:38 | Spine Crawler | |
166 | 15:40 | Drone, Overlord | |
166 | 15:49 | Roach | |
170 | 15:50 | Roach | |
170 | 15:51 | Roach | |
170 | 15:52 | Roach | |
170 | 15:55 | Hatchery | |
170 | 15:56 | Drone | |
174 | 15:59 | Overlord | |
174 | 16:00 | Zergling x4 | |
174 | 16:01 | Zergling x4 | |
174 | 16:02 | Zergling x2 | |
174 | 16:04 | Mutalisk x2, Zergling x2 | |
166 | 16:05 | Mutalisk, Zergling x2 | |
166 | 16:06 | Zergling x2 | |
166 | 16:07 | Mutalisk | |
166 | 16:08 | Zergling x2 | |
148 | 16:11 | Roach | |
148 | 16:12 | Hydralisk | |
148 | 16:15 | Roach | |
148 | 16:16 | Hydralisk | |
148 | 16:18 | Hydralisk, Baneling x2 | |
130 | 16:20 | Hydralisk | |
130 | 16:21 | Baneling x2 | |
130 | 16:23 | Roach | |
130 | 16:25 | Roach | |
138 | 16:26 | Hydralisk, Baneling | |
138 | 16:28 | Hydralisk | |
138 | 16:30 | Zergling x2 | |
138 | 16:31 | Zergling x2 | |
138 | 16:32 | Zergling x2 | |
145 | 16:33 | Zergling x2 | |
145 | 16:34 | Baneling x2 | |
145 | 16:35 | Zergling x2 | |
145 | 16:36 | Baneling x2 | |
145 | 16:37 | Zergling x2 | |
145 | 16:38 | Baneling x2 | |
145 | 16:39 | Zergling x2 | |
149 | 16:40 | Baneling x2 | |
149 | 16:41 | Zergling x2 | |
149 | 16:42 | Baneling x2 | |
149 | 16:44 | Baneling, Zergling x2 | |
149 | 16:45 | Zergling x2, Baneling | |
149 | 16:46 | Baneling | |
152 | 16:49 | Mutalisk | |
152 | 16:51 | Mutalisk | |
152 | 16:52 | Ravager, Baneling | |
152 | 16:53 | Baneling | |
152 | 16:54 | Roach | |
159 | 16:55 | Zergling x2 | |
159 | 16:56 | Ravager, Overseer | |
159 | 16:58 | Roach | |
159 | 17:00 | Roach | |
165 | 17:01 | Glial Reconstitution | |
165 | 17:06 | Adrenal Glands | |
165 | 17:08 | Mutalisk | |
167 | 17:15 | Spine Crawler | |
166 | 17:16 | Drone | |
166 | 17:19 | Mutalisk, Spine Crawler | |
166 | 17:20 | Drone | |
169 | 17:25 | Mutalisk | |
169 | 17:27 | Mutalisk | |
173 | 17:31 | Zerg Flyer Weapons Level 1, Burrow, Spore Crawler | |
173 | 17:33 | Drone | |
173 | 17:39 | Queen | |
173 | 17:44 | Roach x3 | |
179 | 17:45 | Roach | |
179 | 17:46 | Hydralisk | |
179 | 17:47 | Zergling x2 | |
179 | 17:48 | Drone, Zergling x4 | |
179 | 17:49 | Zergling x4 | |
174 | 17:51 | Zergling x2 | |
174 | 17:52 | Zergling x2 | |
174 | 17:53 | Zergling x2 | |
174 | 17:54 | Zergling x2 | |
174 | 17:55 | Zergling x2 | |
167 | 18:00 | Spore Crawler, Infestor | |
167 | 18:03 | Drone, Spore Crawler | |
167 | 18:05 | Drone | |
167 | 18:06 | Zergling x2, Baneling | |
167 | 18:07 | Baneling x4 | |
167 | 18:08 | Zergling x2 | |
167 | 18:09 | Baneling, Zergling x2 | |
167 | 18:10 | Baneling | |
167 | 18:11 | Zergling x2 | |
167 | 18:12 | Baneling | |
171 | 18:13 | Baneling | |
171 | 18:14 | Zergling x2 | |
172 | 18:20 | Hatchery | |
172 | 18:21 | Baneling | |
172 | 18:22 | Baneling | |
172 | 18:23 | Drone | |
172 | 18:25 | Baneling, Zergling x2 | |
172 | 18:26 | Zergling x2, Baneling | |
174 | 18:28 | Baneling, Zergling x2 | |
174 | 18:29 | Zergling x2 | |
174 | 18:30 | Zergling x2 | |
174 | 18:31 | Zergling x2 | |
174 | 18:32 | Zergling x2 | |
158 | 18:34 | Roach | |
158 | 18:36 | Roach | |
158 | 18:37 | Roach | |
158 | 18:39 | Roach | |
158 | 18:40 | Roach | |
143 | 18:42 | Roach | |
143 | 18:43 | Hydralisk | |
143 | 18:45 | Baneling | |
143 | 18:46 | Baneling | |
143 | 18:47 | Baneling, Zergling x2 | |
143 | 18:48 | Zergling x2, Baneling | |
148 | 18:49 | Baneling | |
148 | 18:50 | Baneling | |
148 | 18:51 | Zergling x2 | |
148 | 18:52 | Ravager | |
148 | 18:53 | Roach | |
148 | 18:54 | Roach | |
155 | 18:56 | Mutalisk | |
155 | 18:58 | Mutalisk | |
155 | 19:00 | Mutalisk | |
155 | 19:02 | Mutalisk | |
161 | 19:04 | Mutalisk | |
161 | 19:06 | Mutalisk | |
161 | 19:08 | Mutalisk | |
169 | 19:10 | Mutalisk | |
169 | 19:13 | Mutalisk | |
169 | 19:15 | Mutalisk | |
175 | 19:20 | Spine Crawler | |
175 | 19:21 | Drone | |
175 | 19:22 | Spine Crawler | |
175 | 19:23 | Drone | |
175 | 19:33 | Hydralisk | |
175 | 19:34 | Ultralisk Cavern | |
175 | 19:36 | Drone | |
175 | 19:37 | Hydralisk | |
179 | 19:41 | Muscular Augments | |
179 | 19:44 | Zerg Flyer Weapons Level 2 | |
178 | 19:46 | Drone | |
178 | 19:48 | Hydralisk | |
178 | 19:49 | Drone | |
178 | 19:51 | Drone | |
178 | 19:52 | Hydralisk | |
181 | 19:58 | Queen | |
181 | 19:59 | Spore Crawler, Drone | |
184 | 20:00 | Drone | |
184 | 20:02 | Drone | |
184 | 20:05 | Spore Crawler | |
184 | 20:06 | Drone | |
185 | 20:07 | Drone | |
185 | 20:08 | Hydralisk | |
185 | 20:09 | Spore Crawler, Tunneling Claws | |
185 | 20:11 | Drone | |
185 | 20:16 | Drone | |
185 | 20:18 | Infestor | |
185 | 20:20 | Infestor | |
189 | 20:22 | Hydralisk | |
189 | 20:23 | Ultralisk | |
169 | 20:28 | Overseer | |
169 | 20:29 | Hatchery | |
169 | 20:31 | Drone, Zergling x2 | |
134 | 20:37 | Ultralisk, Roach | |
134 | 20:38 | Zergling x2 | |
134 | 20:39 | Zergling x2 | |
134 | 20:40 | Zergling x2 | |
134 | 20:41 | Zergling x2 | |
134 | 20:42 | Zergling x2 | |
145 | 20:43 | Zergling x2 | |
145 | 20:44 | Zergling x2 | |
145 | 20:45 | Zergling x2 | |
145 | 20:46 | Zergling x2, Baneling | |
145 | 20:47 | Baneling | |
149 | 20:50 | Mutalisk | |
149 | 20:51 | Mutalisk | |
149 | 20:53 | Zergling x2, Lurker Den, Baneling | |
149 | 20:54 | Mutalisk, Baneling | |
149 | 20:56 | Mutalisk | |
158 | 20:59 | Roach | |
158 | 21:00 | Roach | |
158 | 21:01 | Roach | |
158 | 21:02 | Roach | |
142 | 21:04 | Hydralisk | |
142 | 21:07 | Zergling x4 | |
142 | 21:09 | Hydralisk | |
125 | 21:13 | Hydralisk | |
125 | 21:14 | Zergling x2 | |
125 | 21:16 | Zergling x4 | |
127 | 21:21 | Zergling x4 | |
127 | 21:23 | Zergling x2 | |
127 | 21:24 | Roach | |
127 | 21:25 | Zergling x4 | |
121 | 21:27 | Zergling x2 | |
121 | 21:32 | Roach | |
115 | 21:35 | Roach, Zergling x2 | |
115 | 21:37 | Hydralisk | |
115 | 21:38 | Roach | |
115 | 21:39 | Zergling x2 | |
113 | 21:40 | Zergling x2 | |
113 | 21:41 | Extractor | |
113 | 21:42 | Drone | |
113 | 21:43 | Extractor | |
113 | 21:44 | Drone, Extractor, Zergling x2 | |
113 | 21:46 | Hydralisk | |
113 | 21:47 | Drone, Zergling x2 | |
113 | 21:48 | Ultralisk | |
113 | 21:49 | Hydralisk | |
113 | 21:52 | Overlord | |
118 | 21:55 | Drone x2 | |
118 | 21:57 | Drone | |
118 | 21:58 | Drone x2 | |
118 | 21:59 | Drone | |
117 | 22:02 | Roach | |
117 | 22:04 | Zergling x2 | |
117 | 22:07 | Roach, Zergling x2 | |
117 | 22:09 | Roach, Zergling x2 | |
117 | 22:12 | Roach | |
117 | 22:14 | Ultralisk, Overlord, Drone | |
117 | 22:15 | Zergling x2 | |
121 | 22:16 | Drone, Hydralisk, Zergling x2 | |
121 | 22:17 | Hydralisk | |
121 | 22:18 | Zergling x2 | |
121 | 22:20 | Drone, Zergling x4 | |
121 | 22:22 | Hydralisk, Zergling x2 | |
117 | 22:23 | Drone | |
117 | 22:24 | Hydralisk | |
117 | 22:25 | Drone | |
117 | 22:26 | Drone | |
117 | 22:27 | Drone | |
117 | 22:28 | Zergling x2 | |
123 | 22:30 | Drone | |
123 | 22:31 | Drone | |
123 | 22:32 | Mutalisk | |
123 | 22:33 | Overlord | |
123 | 22:36 | Roach | |
118 | 22:37 | Roach | |
118 | 22:38 | Drone | |
118 | 22:39 | Drone | |
118 | 22:40 | Drone | |
118 | 22:42 | Roach | |
118 | 22:43 | Hydralisk | |
109 | 22:44 | Baneling | |
109 | 22:45 | Baneling | |
109 | 22:46 | Roach | |
109 | 22:47 | Drone | |
106 | 22:51 | Baneling | |
106 | 22:55 | Zergling x2 | |
106 | 22:57 | Zergling x2 | |
102 | 22:59 | Hydralisk | |
102 | 23:00 | Drone | |
102 | 23:01 | Hatchery | |
102 | 23:02 | Drone | |
102 | 23:03 | Drone | |
102 | 23:05 | Drone | |
104 | 23:06 | Drone | |
104 | 23:07 | Drone | |
104 | 23:08 | Drone | |
104 | 23:09 | Drone | |
104 | 23:11 | Hydralisk | |
104 | 23:12 | Drone x2 | |
109 | 23:13 | Drone | |
109 | 23:16 | Drone x2 | |
109 | 23:17 | Drone | |
109 | 23:18 | Drone | |
102 | 23:20 | Roach | |
102 | 23:21 | Drone | |
102 | 23:23 | Overseer | |
102 | 23:24 | Drone | |
102 | 23:26 | Drone | |
103 | 23:30 | Ultralisk | |
103 | 23:31 | Zergling x2 | |
103 | 23:32 | Zergling x2 | |
103 | 23:33 | Hatchery | |
103 | 23:34 | Roach | |
96 | 23:35 | Roach | |
96 | 23:36 | Roach | |
96 | 23:37 | Hydralisk | |
96 | 23:39 | Hydralisk | |
102 | 23:41 | Overlord | |
102 | 23:42 | Hydralisk | |
102 | 23:43 | Hydralisk | |
102 | 23:45 | Drone | |
102 | 23:46 | Drone | |
103 | 23:58 | Overlord | |
103 | 24:03 | Overlord | |
94 | 24:17 | Drone x2 | |
94 | 24:19 | Overlord | |
94 | 24:22 | Drone | |
94 | 24:24 | Extractor | |
84 | 24:25 | Extractor | |
84 | 24:26 | Extractor | |
84 | 24:28 | Extractor | |
84 | 24:29 | Overlord x2 | |
79 | 24:34 | Overlord | |
79 | 24:35 | Extractor | |
77 | 24:50 | Spawning Pool | |
75 | 24:53 | Overlord | |
75 | 24:54 | Evolution Chamber | |
71 | 25:06 | Evolution Chamber | |
70 | 25:09 | Evolution Chamber | |
70 | 25:10 | Overlord | |
66 | 25:27 | Hatchery | |
66 | 25:28 | Drone x2, Overlord | |
66 | 25:33 | Drone x2 | |
66 | 25:34 | Drone x2 | |
67 | 25:37 | Drone | |
67 | 25:38 | Lair, Drone x2, Spine Crawler | |
67 | 25:39 | Zergling x2 | |
67 | 25:47 | Overlord | |
67 | 25:48 | Zergling x2 | |
65 | 25:51 | Drone | |
65 | 25:53 | Drone | |
65 | 25:55 | Drone, Spine Crawler | |
64 | 25:58 | Baneling Nest, Drone | |
64 | 26:02 | Drone, Spine Crawler | |
64 | 26:06 | Evolution Chamber, Drone x3, Overlord | |
64 | 26:07 | Drone x2 | |
66 | 26:12 | Drone | |
66 | 26:20 | Spawning Pool | |
66 | 26:25 | Evolution Chamber | |
64 | 26:26 | Overlord | |
64 | 26:28 | Overlord | |
63 | 26:35 | Overlord | |
63 | 26:45 | Evolution Chamber | |
60 | 26:53 | Overlord, Overseer, Drone | |
59 | 26:54 | Evolution Chamber, Drone | |
59 | 26:55 | Drone | |
59 | 26:56 | Drone | |
59 | 26:57 | Drone, Overseer | |
61 | 27:05 | Drone, Overseer | |
61 | 27:07 | Drone x3 | |
61 | 27:10 | Drone x2 | |
61 | 27:11 | Drone x3, Overlord | |
61 | 27:12 | Drone | |
62 | 27:16 | Overlord, Spawning Pool | |
57 | 27:25 | Overlord | |
57 | 27:26 | Evolution Chamber | |
57 | 27:28 | Overlord | |
56 | 27:32 | Hydralisk Den | |
55 | 27:48 | Overlord | |
55 | 27:49 | Drone | |
55 | 27:50 | Hatchery, Drone, Overseer | |
54 | 27:54 | Drone x2 | |
54 | 27:55 | Drone x2 | |
54 | 27:57 | Drone | |
48 | 27:59 | Drone | |
48 | 28:00 | Hatchery | |
48 | 28:01 | Hydralisk | |
48 | 28:04 | Zergling x4 | |
50 | 28:09 | Hydralisk | |
47 | 28:14 | Hydralisk | |
47 | 28:15 | Drone | |
47 | 28:17 | Drone | |
49 | 28:21 | Drone | |
44 | 28:27 | Drone x2 | |
44 | 28:30 | Overlord | |
41 | 28:34 | Drone | |
41 | 28:39 | Hatchery | |